 Dungeon Crawl Stone Soup version 0.25-a0-464-g3004169 (webtiles) character file.

Game seed: 11099382532245853989, levelgen mode: deterministic

2365 15 the Destroyer (level 9, 0/48 HPs)
             Began as a Tengu Fire Elementalist on Jan 26, 2020.
             Was a Follower of Vehumet.
             Slain by an orc (2 damage)
             ... on level 8 of the Dungeon on Feb 3, 2020.
             The game lasted 00:43:55 (7659 turns).

15 the Destroyer (Tengu Fire Elementalist)          Turns: 7659, Time: 00:43:56

Health: 0/48       AC:  7    Str: 10    XL:     9   Next: 44%
Magic:  16/16      EV: 18    Int: 18    God:    Vehumet [*.....]
Gold:   119        SH:  0    Dex: 14    Spells: 3/16 levels left

rFire    + . .     SeeInvis .   w - +6 halberd
rCold    . . .     Gourm    .   (shield currently unavailable)
rNeg     . . .     Faith    .   n - +3 leather armour
rPois    .         Spirit   .   (helmet restricted)
rElec    .         Reflect  .   o - +0 cloak
rCorr    .         Harm     .   (no gloves)
MR       .....                  (boots unavailable)
Stlth    +++.......             (no amulet)
HPRegen  0.16/turn              f - ring of stealth
MPRegen  0.15/turn              d - ring of protection from fire

@: flying quickly and evasively, quick
A: beak, talons 3, able to fly
a: Stop Flying, Renounce Religion


You were on level 8 of the Dungeon.
You worshipped Vehumet.
Vehumet was aware of your devotion.
You were not hungry.

You visited 2 branches of the dungeon, and saw 10 of its levels.

You collected 340 gold pieces.
You spent 221 gold pieces at shops.

Inventory:

Hand Weapons
 k - a +1 flail of protection
 l - a +3 great sword
 r - a +0 trident
 w - a +6 halberd (weapon)
 y - a +0 rapier
Missiles
 g - 84 stones
 q - 10 boomerangs (quivered)
 t - 2 silver boomerangs
Armour
 n - a +3 leather armour (worn)
 o - a +0 cloak (worn)
 x - a +1 robe of cold resistance
Jewellery
 d - a ring of protection from fire (right hand)
 f - a ring of stealth (left hand)
 h - an uncursed ring of protection from fire
Wands
 b - a wand of iceblast (3)
Scrolls
 j - 5 scrolls of remove curse
 p - 2 scrolls of teleportation
 A - a scroll of immolation {unknown}
 B - 2 scrolls of identify
 C - a scroll of fog
 D - a scroll of random uselessness {unknown}
Potions
 i - a potion of brilliance {unknown}
 m - 2 potions of lignification
Comestibles
 c - 11 rations


   Skills:
 + Level 1.9 Fighting
 + Level 0.9(1.1) Short Blades
 + Level 1.0(1.2) Long Blades
 + Level 1.2 Maces & Flails
 + Level 2.8 Polearms
 + Level 0.8 Throwing
 * Level 5.0 Armour
 * Level 6.1 Dodging
 + Level 3.9 Stealth
 + Level 4.2 Spellcasting
 * Level 8.2 Conjurations
 + Level 5.1 Fire Magic
 + Level 0.4 Evocations


You had 3 spell levels left.
You knew the following spells:

 Your Spells              Type           Power        Failure   Level  Hunger
a - Foxfire               Conj/Fire      ####         1%          1    None
b - Conjure Flame         Conj/Fire      ####....     3%          3    ###....
c - Sticky Flame          Conj/Fire      ####....     12%         4    ####...
d - Fireball              Conj/Fire      ####......   32%         5    ######.

Your spell library contained the following spells:

 Spells                   Type           Power        Failure   Level  Hunger
 Sandblast                Erth           #.....       19%         1    None
 Inner Flame              Hex/Fire       ##......     21%         3    ###....


Dungeon Overview and Level Annotations

Branches:
Dungeon (9/15)             Temple (1/1) D:6            Lair (0/6) D:8
    Orc: D:9-12

Altars:
Ashenzari
Cheibriados
Dithmenos
Fedhas
Gozag
Hepliaklqana
Kikubaaqudgha
Makhleb
Nemelex Xobeh
Okawaru
Qazlal
Ru
Sif Muna
Trog
Uskayaw
Vehumet
Wu Jian
Xom
Yredelemnul
Zin
The Shining One

Shops:
D:8 (}}[

Annotations:
D:7 3 runed translucent doors, rhoddlet's ghost, novice GrFi
D:8 3 runed translucent doors, 2FriedEggs's ghost, novice OpTm


Innate Abilities, Weirdness & Mutations

You have a beak for a mouth.
You have claws for feet.
You can fly continuously.


Message History

The orc warrior hits you with a +0 short sword!
* * * LOW HITPOINT WARNING * * *
The orc barely misses you. The orc completely misses you.
Okay, then.
As you read the scroll labeled COMOARUYZO, it crumbles to dust.
It is a scroll of enchant weapon.
Your +5 halberd glows red for a moment.
The orc warrior burns!
The orc warrior hits you with a +0 short sword.
* * * LOW HITPOINT WARNING * * *
The orc closely misses you. The orc hits you.
* * * LOW HITPOINT WARNING * * *
The orc warrior burns!
The orc warrior stops burning.
The orc misses you.
It was a potion of magic.
Magic courses through your body. The orc warrior barely misses you.
The orc closely misses you. The orc hits you.
* * * LOW HITPOINT WARNING * * *
It was a potion of cancellation.
You feel magically purged.
Your magical contamination has completely faded away.
The orc warrior misses you. The orc hits you.
You die...

........#....'.....#
.......##....##...##
.......##....##'####
........+....#.....#
........#....#.....#
.......##....#....##
.......##..[.#....##
.......#.....#.....#
.......'.....#.)@..#
.......#.....#.ooo.#
......###....##.>.##########
......###....##...##..#....##
............................#
...................∩........#
...........>............(...#
.............####+###.####.##
.............##....##.######


You could see an orc warrior and 2 orcs.

Vanquished Creatures
  A spriggan (D:7)
  Menkaure (D:4)
  2 wargs (D:8)
  An orc warrior (D:8)
  A sky beast (D:8)
  2 ogres (D:4)
  A necrophage (D:6)
  A phantom (D:9)
  A centaur (D:8)
  2 bullfrogs
  2 scorpions
  4 wights (D:6)
  A crimson imp (D:6)
  A bullfrog zombie (D:5)
  A hound (D:6)
  5 orc priests
  A jelly (D:8)
  An iguana (D:7)
  4 worker ants
  6 orc wizards
  2 hound skeletons
  2 howler monkey zombies
  7 gnolls (D:8)
  6 adders
  A howler monkey skeleton (D:4)
  An ooze (D:6)
  An adder skeleton (D:5)
  4 worms
  2 dart slugs
  5 leopard geckos
  21 orcs
  3 giant cockroaches
  9 goblins
  13 hobgoblins
  10 jackals
  8 kobolds
  3 quokkas
  4 ball pythons
  4 bats
  A frilled lizard (D:3)
  A jackal zombie (D:6)
  4 rats (D:1)
151 creatures vanquished.

Vanquished Creatures (others)
  396 foxfires
396 creatures vanquished.

Grand Total: 547 creatures vanquished

Notes
Turn   | Place    | Note
-------+----------+-------------------------------------------
     0 | D:1      | 15 the Tengu Fire Elementalist began the quest for the Orb.
     0 | D:1      | Reached XP level 1. HP: 10/10 MP: 4/4
   277 | D:1      | Reached skill level 1 in Armour
   277 | D:1      | Reached XP level 2. HP: 5/15 MP: 6/6
   722 | D:1      | Reached XP level 3. HP: 19/19 MP: 3/7
  1010 | D:1      | Learned a level 1 spell: Foxfire
  1020 | D:1      | Learned a level 3 spell: Conjure Flame
  1494 | D:2      | Found a shattered altar of Ashenzari.
  1547 | D:2      | Upgraded the game from 0.25-a0-429-g4e43983 to
                  | 0.25-a0-435-g4b9beb1
  1585 | D:2      | Found an ancient bone altar of Kikubaaqudgha.
  1599 | D:2      | Found a snail-covered altar of Cheibriados.
  1601 | D:2      | Found a glowing silver altar of Zin.
  1604 | D:2      | Found a shimmering altar of Xom.
  1617 | D:2      | Reached skill level 2 in Conjurations
  1622 | D:2      | Reached XP level 4. HP: 17/24 MP: 4/8
  2000 | D:3      | Learned a level 4 spell: Sticky Flame
  2463 | D:4      | Noticed an ogre
  2518 | D:4      | Gained mutation: You can fly continuously. [Tengu growth]
  2518 | D:4      | Reached XP level 5. HP: 25/28 MP: 6/9
  2650 | D:4      | Reached skill level 3 in Conjurations
  2860 | D:4      | Noticed Menkaure
  2971 | D:4      | Killed an ogre
  2971 | D:4      | Reached XP level 6. HP: 32/32 MP: 0/11
  3240 | D:4      | Reached skill level 4 in Conjurations
  3434 | D:4      | Killed Menkaure
  3434 | D:4      | Reached skill level 1 in Maces & Flails
  3434 | D:4      | Reached skill level 1 in Polearms
  3434 | D:4      | Reached XP level 7. HP: 37/37 MP: 5/12
  3485 | D:5      | Entered Level 5 of the Dungeon
  3941 | D:6      | Reached skill level 5 in Conjurations
  4647 | D:6      | Reached skill level 6 in Conjurations
  4647 | D:6      | Reached XP level 8. HP: 42/42 MP: 12/14
  4654 | D:6      | Learned a level 5 spell: Fireball
  4697 | D:6      | Found a staircase to the Ecumenical Temple.
  4704 | Temple   | Entered the Ecumenical Temple
  4816 | Temple   | Became a worshipper of Vehumet
  5330 | D:6      | Reached skill level 1 in Fighting
  5371 | D:7      | Upgraded the game from 0.25-a0-435-g4b9beb1 to
                  | 0.25-a0-458-g6fc7858
  5419 | D:7      | Upgraded the game from 0.25-a0-458-g6fc7858 to
                  | 0.25-a0-464-g3004169
  5435 | D:7      | Noticed a spriggan baker
  5446 | D:7      | Killed a spriggan baker
  5446 | D:7      | Reached skill level 5 in Dodging
  5832 | D:7      | Found a runed translucent gate.
  5832 | D:7      | Found a runed translucent gate.
  5832 | D:7      | Found a runed translucent gate.
  5832 | D:7      | Found an opulent altar of Gozag.
  5832 | D:7      | Noticed rhoddlet's ghost (novice GrFi)
  6408 | D:8      | Found Ytaommet's Weapon Shoppe.
  6416 | D:8      | Bought a +0 rapier for 56 gold pieces
  6449 | D:8      | Reached skill level 1 in Long Blades
  6461 | D:8      | Reached * piety under Vehumet
  6461 | D:8      | Offered knowledge of Sandblast by Vehumet.
  6464 | D:8      | Found Guemaoc's Gadget Shop.
  6644 | D:8      | Reached skill level 7 in Conjurations
  6750 | D:8      | Found a runed translucent gate.
  6751 | D:8      | Found a runed translucent gate.
  6751 | D:8      | Found a runed translucent gate.
  6752 | D:8      | Found an opulent altar of Gozag.
  6759 | D:8      | Noticed 2FriedEggs's ghost (novice OpTm)
  6793 | D:8      | Found Goydut's Antique Armour Boutique.
  6878 | D:8      | Found a staircase to the Lair.
  6946 | D:8      | Reached skill level 5 in Fire Magic
  6946 | D:8      | Reached XP level 9. HP: 48/48 MP: 8/15
  7059 | D:8      | Found Neutev's Gadget Boutique.
  7067 | D:8      | Bought a wand of iceblast (7) for 165 gold pieces
  7069 | D:8      | Found an ornate altar of the Wu Jian Council.
  7284 | D:8      | Reached skill level 8 in Conjurations
  7556 | D:9      | Reached skill level 5 in Armour
  7658 | D:8      | HP: 1/48 [orc (2)]
  7659 | D:8      | Slain by an orc

Levels and vault maps discovered:
D:1:      lightli_arrival_farm, layout_loops_ring
D:2:      layout_rooms, old_standard_altar, minitemple, first_ration
D:3:      layout_rooms
D:4:      layout_loops_ring, uniq_menkaure
D:5:      layout_rooms
D:6:      layout_loops_corners, minmay_temple_entry_gardened_gates
D:7:      layout_loops_ring, ebering_ghost_gozag, the_bakery,
          hangedman_decor_clover_reticule, nrook_loot_triangle
D:8:      layout_gridville, erik_lair_orcish_takeover, ebering_ghost_gozag,
          serial_shops, shop, shop, shop, shop, kennysheep_cross_room,
          lemuel_statue_altar
D:9:      layout_rooms, lemuel_round_altar
Temple:   eino_temple_rhombus

Skill      XL: |  1  2  3  4  5  6  7  8  9 |
---------------+----------------------------+-----
Armour         | 1 2 3 4 5 |  5.0
Conjurations   | 2 3 4 6 7 8 |  8.2
Dodging        | 3 4 5 6 |  6.1
Fire Magic     | 4 5 |  5.1
Maces & Flails | 1 |  1.2
Polearms       | 1 2 |  2.8
Spellcasting   | 3 4 |  4.2
Stealth        | 3 |  3.9
Fighting       | 1 |  1.9
Long Blades    | 1 |  1.0
Short Blades   | |  0.9
Throwing       | |  0.8
Evocations     | |  0.4

Action                   |  1- 3 |  4- 6 |  7- 9 || total
-------------------------+-------+-------+-------++-------
Melee: Dagger            |    50 |    35 |    26 ||   111
       Unarmed           |     4 |       |       ||     4
       Kick              |     9 |    12 |    21 ||    42
       Peck              |     4 |     6 |    16 ||    26
       Club              |     1 |       |       ||     1
       Trident           |       |    13 |       ||    13
       Flail             |       |     7 |     1 ||     8
       Halberd           |       |       |    53 ||    53
       Great sword       |       |       |    10 ||    10
Throw: Boomerang         |       |    12 |       ||    12
 Cast: Foxfire           |    41 |    43 |   160 ||   244
       Conjure Flame     |       |     3 |     3 ||     6
       Sticky Flame      |       |       |     6 ||     6
 Abil: Fly               |       |     1 |       ||     1
Evoke: Wand              |       |       |    11 ||    11
  Use: Scroll            |     4 |     3 |     7 ||    14
       Potion            |       |     2 |     6 ||     8
 Stab: Sleeping          |     6 |     2 |     8 ||    16
       Distracted        |       |       |     1 ||     1
  Eat: Chunk             |     3 |     6 |    14 ||    23
Armor: Robe              |     9 |       |       ||     9
       Leather armour    |       |     9 |    23 ||    32
Dodge: Dodged            |    36 |    43 |   115 ||   194
       Rpst.: Great sword |       |       |     7 ||     7

Table legend:
 A = Non-vault XP
 B = Vault XP
 C = Vault XP percentage of total XP
 D = Non-vault monster count
 E = Vault monster count
 F = Vault count percentage of total count
                 A         B        C        D         E       F
            +---------+---------+-------+---------+---------+-------
      Total |    2369 |    1010 |  29.9 |     140 |      11 |   7.3
            +---------+---------+-------+---------+---------+-------
        D:1 |      41 |       0 |   0.0 |      24 |       0 |   0.0
        D:2 |      42 |       0 |   0.0 |      14 |       0 |   0.0
        D:3 |      81 |       0 |   0.0 |      17 |       0 |   0.0
        D:4 |     361 |     172 |  32.3 |      11 |       1 |   8.3
        D:5 |     116 |       0 |   0.0 |       9 |       0 |   0.0
        D:6 |     592 |       0 |   0.0 |      27 |       0 |   0.0
        D:7 |     287 |     215 |  42.8 |      11 |       1 |   8.3
        D:8 |     570 |     623 |  52.2 |      19 |       9 |  32.1
        D:9 |     279 |       0 |   0.0 |       8 |       0 |   0.0
            +---------+---------+-------+---------+---------+-------
